 Dungeon Crawl Stone Soup version 0.20.0-9-g8272e65 (webtiles) character file.

46 Chiseanne the Ducker (level 3, 0/18 HPs)
             Began as a Spriggan Transmuter on June 2, 2017.
             Succumbed to an adder's poison
             ... on level 2 of the Dungeon.
             The game lasted 00:03:34 (2118 turns).

Chiseanne the Ducker (Spriggan Transmuter)          Turns: 2118, Time: 00:03:35

Health: 0/18       AC:  2    Str:  7    XL:     3   Next: 46%
Magic:  7/8        EV: 19    Int: 16    God:
Gold:   80         SH:  0    Dex: 16    Spells: 7/8 levels left

rFire    . . .     SeeInvis +     - Unarmed
rCold    . . .     Gourm    .   (shield restricted)
rNeg     . . .     Faith    .   b - +0 robe
rPois    .         Spirit   .   (helmet restricted)
rElec    .         Reflect  .   (no cloak)
rCorr    .         Harm     .   (gloves unavailable)
MR       .....                  (boots unavailable)
Stlth    +.........             (no amulet)
Regen    0.1/turn               (no ring)
MPRegen  0.2/turn               (no ring)

@: lethally poisoned (0 -> -5), appendage, hasted, very quick
A: unfitting armour, talons 3, see invisible, clever 1, herbivore 3, speed 3,
slow metabolism 2
a: End Transformation


You were on level 2 of the Dungeon.
You were not hungry.
You had grown temporary talons.
You visited 1 branch of the dungeon, and saw 2 of its levels.

You collected 80 gold pieces.

Inventory:

Hand Weapons
 f - a +3 whip
Missiles
 a - 63 arrows
 e - 27 stones (quivered)
 h - 7 tomahawks of returning
Armour
 b - a +0 robe (worn)
 k - a +0 buckler
Jewellery
 n - an uncursed ring of fire {unknown}
Books
 c - a book of Changes

   Spells                             Type                      Level
   a - Beastly Appendage              Transmutation                1
   b - Sticks to Snakes               Transmutation                2
   c - Spider Form                    Transmutation/Poison         3
   d - Ice Form                       Ice/Transmutation            4
   e - Blade Hands                    Transmutation                5
Comestibles
 d - a bread ration
 m - a royal jelly


   Skills:
 * Level 1.2 Fighting
 * Level 3.6 Dodging
 * Level 2.7 Unarmed Combat
 * Level 3.4 Spellcasting
 * Level 3.1 Transmutations


You had 7 spell levels left.
You knew the following spells:

 Your Spells              Type           Power        Failure   Level  Hunger
a - Beastly Appendage     Tmut           ##....       4%          1    None


Dungeon Overview and Level Annotations

Branches:
Dungeon (2/15)

Altars:


Innate Abilities, Weirdness & Mutations

You are very small and have problems with some larger weapons.
You are too small for most types of armour.
You have supernaturally acute eyesight. (SInv)
You are a herbivore.
You cover ground extremely quickly.
You need consume almost no food.
You have claws for feet.
Your mind is acute. (Int +2)


Message History

The adder bites you.
* * * LOW HITPOINT WARNING * * *
You are more poisoned.
The adder poisons you!
You closely miss the adder. Your kick misses the adder.
The adder is heavily wounded.
The adder misses you. The adder completely misses you.
You hit the adder. Your kick misses the adder.
The adder is almost dead.
* * * LOW HITPOINT WARNING * * *
You feel sick. The adder closely misses you.
You barely miss the adder. Your kick misses the adder.
The adder is almost dead.
The adder closely misses you.
It was a potion of haste.
You feel yourself speed up. The adder bites you but does no damage.
Okay, then.
It was a potion of mutation.
You feel extremely strange.
You feel clever.
You die...

.†..............#
#...............###
#..................
#..............#.##
#..............#..#
######..........#.##.#
........)............#
#########.#####..#.###
............# ##@#
#########.#.# #S.#
#.#.# ##.# #.#.# .#
#.#†# .# #.#.# ..
#####.#.######.
#...............
#.....#.######.


You could see an adder.

Vanquished Creatures
  An adder (D:2)
  2 dart slugs (D:1)
  3 giant cockroaches
  4 goblins
  4 hobgoblins
  3 jackals (D:1)
  3 kobolds
  7 bats
  2 frilled lizards (D:1)
  3 rats
32 creatures vanquished.

Notes
Turn   | Place    | Note
-------+----------+-------------------------------------------
     0 | D:1      | Chiseanne the Spriggan Transmuter began the quest for the Orb.
     0 | D:1      | Reached XP level 1. HP: 9/9 MP: 5/5
   342 | D:1      | Reached skill level 1 in Fighting
   415 | D:1      | Reached XP level 2. HP: 14/14 MP: 4/6
  1380 | D:2      | Reached XP level 3. HP: 12/18 MP: 6/8
  2118 | D:2      | Gained mutation: Your mind is acute. (Int +2) [potion of mutation]
  2118 | D:2      | Succumbed to an adder's poison

Skill      XL: |  1  2 |
---------------+-------+-----
Fighting       | 1 |  1.2
Transmutations | 3 |  3.1
Spellcasting   | 3 |  3.4
Dodging        | |  3.6
Unarmed Combat | |  2.7

Action                   || total
-------------------------++-------
Melee: Unarmed           ||   171
       Kick              ||    23
       Headbutt          ||    10
 Cast: Beastly Appendage ||    30
  Use: Potion            ||     3
       Scroll            ||     2
Armor: Robe              ||    22
Dodge: Dodged            ||   183
